Build Orders - Match 35343958 - cohdb - Company of Heroes 3 Replays
cohdb
Replays
Latest Replays
All Replays
Popular Replays
Top Player Replays
Match Explorer
How It Works
Community
CoH3 Stats
Reddit
Sign in to upload your games and track your stats! →
Sign in with Steam
Match 35343958
Unlisted
Match 35343958
Overview
Messages
Build Orders
End
Kradschützen Motorcycle Team
Selects Battlefield Espionage Battlegroup
Selects Sector Subterfuge Beacon
Panzergrenadier Squad
Panzergrenadier Squad
Construct Light Support Kompanie
Assault Grenadier Squad
Construct Mechanized Kompanie
Selects Transfer Depots
Veteran Squad Leaders
8 Rad Armored Car
Panzerjäger Mechanized Group
2.5-tonne Medical Truck
Support Armor Elements
le.IG 18 Support Gun Team
Selects 250/3 Funkpanzerwagen
Selects Anti-Tank Incendiary Munitions
Pak 38 Anti-tank Gun Team
Construct Panzerarmee Kommand
Selects Operation Skorpion
Armored Reserves
Emergency Repair Kits
Panzer IV Assault Group
Selects Firestorm
Flak 36 Anti-tank Gun Team
Firestorm
MG34 Team
ThreekidsinaTrenchcoat
cohpiate
0
0
Comments
sign in to comment!
No comments posted yet!